 Dungeon Crawl Stone Soup version 0.21-a0-504-g2eda330 (webtiles) character file.

1113 mortelune the Skirmisher (level 8, 0/53 HPs)
             Began as a Gargoyle Fighter on Nov 26, 2017.
             Slain by a four-headed hydra (9 damage)
             ... on level 6 of the Dungeon.
             The game lasted 00:17:27 (5328 turns).

mortelune the Skirmisher (Gargoyle Fighter)         Turns: 5328, Time: 00:17:28

Health: 0/53       AC: 14    Str: 30    XL:     8   Next: 33%
Magic:  8/8        EV:  8    Int: 12    God:
Gold:   200        SH: 10    Dex:  9    Spells: 7/7 levels left

rFire    . . .     SeeInvis .   A - +0 morningstar
rCold    . . .     Gourm    .   c - +0 shield
rNeg     + . .     Faith    .   x - +1 ring mail of Tomorrow {Str+3} (curse)
rPois    ∞         Spirit   .   (no helmet)
rElec    +         Reflect  .   r - +0 cloak of the Ward {rPois rCorr Slay+2}
rCorr    +         Harm     .   (no gloves)
MR       .....                  (no boots)
Stlth    ..........             (no amulet)
HPRegen  0.17/turn              s - +3 ring of intelligence
MPRegen  0.11/turn              v - ring of flight

@: mighty
A: negative energy resistance 1, electricity resistance, unbreathing,
petrification resistance, rot immunity, AC +5
a: Evoke Flight


You were on level 6 of the Dungeon.
You were not hungry.

You visited 1 branch of the dungeon, and saw 7 of its levels.

You collected 304 gold pieces.
You spent 104 gold pieces at shops.

Inventory:

Hand Weapons
 a - a +0 flail
 p - a +0 blowgun
 A - a +0 morningstar (weapon)
Missiles
 y - 16 poisoned needles
Armour
 b - a +0 scale mail
 c - a +0 shield (worn)
 e - a +0 chain mail
 r - the +0 cloak of the Ward (worn) {rPois rCorr Slay+2}
   (You found it on level 4 of the Dungeon)

   It affects your accuracy and damage with ranged weapons and melee attacks
   (+2).
   It protects you from poison.
   It protects you from acid and corrosion.
 w - a +0 plate armour
 x - the cursed +1 ring mail of Tomorrow (worn) {Str+3}
   (You found it on level 4 of the Dungeon)

   It affects your strength (+3).
   It has a curse placed upon it.
Jewellery
 s - a +3 ring of intelligence (left hand)
 t - an uncursed ring of positive energy {unknown}
 v - a ring of flight (right hand)
 G - an uncursed ring of protection from fire {unknown}
Wands
 D - a wand of disintegration (15)
Scrolls
 g - a scroll of blinking
 i - 5 scrolls of identify
 j - a scroll of fog
 m - a scroll of magic mapping
 q - 2 scrolls of noise
 u - a scroll of amnesia
 E - a scroll of fear {unknown}
 F - a scroll of remove curse
Potions
 d - a potion of might
 h - 3 potions of lignification
 l - a potion of flight
 n - 2 potions of curing
 z - a potion of magic
Comestibles
 f - 5 bread rations
 k - 3 royal jellies
 B - a fruit
 C - a meat ration
 H - 2 chunks of flesh


   Skills:
 + Level 7.4 Fighting
 + Level 6.3 Maces & Flails
 + Level 5.7 Armour
 - Level 3.2 Shields


You had 7 spell levels left.
You didn't know any spells.

Dungeon Overview and Level Annotations

Branches:
Dungeon (7/15)
 Temple: D:4-7

Altars:

Shops:
D:4 !

Annotations:
D:6 Blork the orc


Innate Abilities, Weirdness & Mutations

You are resistant to torment.
Your stone body is resilient. (AC +5)
You are immune to poison.
You resist negative energy. (rN+)
You are resistant to electric shocks. (rElec)
You can survive without breathing.
You are immune to petrification.
You are immune to rotting.


Message History

You block the four-headed hydra's attack.
The four-headed hydra bites you!
* * * LOW HITPOINT WARNING * * *
Things that are here:
a leather armour; a flail You feel much better.
The four-headed hydra bites you! The four-headed hydra bites you.
The four-headed hydra bites you! The four-headed hydra bites you.
* * * LOW HITPOINT WARNING * * *
You feel very mighty all of a sudden. The four-headed hydra bites you.
* * * LOW HITPOINT WARNING * * *
The four-headed hydra barely misses you.
The four-headed hydra bites you.
* * * LOW HITPOINT WARNING * * *
The four-headed hydra barely misses you.
You sock the four-headed hydra!
The four-headed hydra is moderately wounded.
The four-headed hydra bites you!
You die...

#....#####.........
#....'...########..
#....#..........#..
#....######.....#..
#....#....#.....'..
#######..[.#######..
#........[..........
#........[..........
#..@D...............
#......#'##.........
#......#..########..
########.........#..
#.....#.........#..
#.....'..##.....###
#....##..##.....##.
#....##...#........
#.....#...#........


You could see a four-headed hydra.

Vanquished Creatures
  An orc warrior (D:6)
  A big kobold (D:5)
  A bullfrog (D:6)
  A scorpion (D:6)
  2 howler monkeys
  A crimson imp (D:3)
  A bullfrog skeleton (D:6)
  An orc priest (D:5)
  A centaur skeleton (D:4)
  3 hounds
  6 orc wizards
  7 worker ants
  A killer bee zombie (D:5)
  A howler monkey zombie (D:5)
  3 worker ant zombies (D:5)
  A howler monkey skeleton (D:5)
  2 adders
  A shadow imp (D:6)
  An ooze (D:4)
  2 adder skeletons (D:4)
  2 worms
  6 leopard geckos
  21 orcs
  3 ball pythons
  5 bats
  A giant cockroach (D:3)
  4 goblins
  5 hobgoblins
  3 quokkas
  5 frilled lizards
  8 kobolds
  A leopard gecko skeleton (D:3)
  A quokka zombie (D:5)
  8 rats
111 creatures vanquished.

Notes
Turn   | Place    | Note
-------+----------+-------------------------------------------
     0 | D:1      | mortelune the Gargoyle Fighter began the quest for the Orb.
     0 | D:1      | Reached XP level 1. HP: 14/14 MP: 1/1
    39 | D:1      | Reached XP level 2. HP: 19/19 MP: 2/2
   567 | D:2      | Reached skill level 4 in Fighting
   567 | D:2      | Reached XP level 3. HP: 22/24 MP: 3/3
  1121 | D:3      | Reached XP level 4. HP: 21/30 MP: 4/4
  1602 | D:4      | Reached XP level 5. HP: 17/34 MP: 5/5
  1623 | D:4      | Reached skill level 5 in Fighting
  1809 | D:4      | Got a jewelled cloak
  1815 | D:4      | Identified the cursed +0 cloak of the Ward {rPois rCorr Slay+2} (You found it on level 4 of the Dungeon)
  1981 | D:4      | Reached XP level 6. HP: 36/40 MP: 6/6
  2088 | D:4      | Got a crude ring mail
  2256 | D:4      | Reached skill level 6 in Fighting
  2325 | D:4      | Reached skill level 5 in Maces & Flails
  2425 | D:4      | Reached XP level 7. HP: 37/46 MP: 7/7
  2607 | D:4      | Found Ceosatzo's Distillery.
  2611 | D:4      | Bought a potion of heal wounds for 65 gold pieces
  2611 | D:4      | Bought a potion of curing for 39 gold pieces
  2640 | D:4      | Identified the cursed +1 ring mail of Tomorrow {Str+3} (You found it on level 4 of the Dungeon)
  2889 | D:5      | Entered Level 5 of the Dungeon
  3634 | D:5      | Reached skill level 5 in Armour
  4526 | D:6      | Reached skill level 7 in Fighting
  4526 | D:6      | Reached XP level 8. HP: 53/53 MP: 8/8
  4889 | D:6      | Noticed a four-headed hydra
  4891 | D:6      | Noticed Blork the orc
  4983 | D:7      | Noticed a two-headed ogre
  5328 | D:6      | Slain by a four-headed hydra

Vault maps used:
D:1:      dpeg_arrival_rhombus
D:4:      serial_shops, shop
D:5:      first_bread, serial_undead, serial_undead_b, serial_undead_b,
          serial_undead_d, serial_undead_b
D:6:      minmay_three_doors, uniq_blork_the_orc
D:7:      minmay_temple_entry_grid, the_bakery

Skill      XL: |  1  2  3  4  5  6  7  8 |
---------------+-------------------------+-----
Fighting       | 4 5 6 7 |  7.4
Maces & Flails | 3 4 5 6 |  6.3
Armour         | 4 5 |  5.7
Shields        | |  3.2

Action                   |  1- 3 |  4- 6 |  7- 9 || total
-------------------------+-------+-------+-------++-------
Melee: Flail             |   126 |   210 |   146 ||   482
       Morningstar       |       |       |    60 ||    60
  Use: Scroll            |     4 |       |     8 ||    12
       Potion            |       |       |     3 ||     3
  Eat: Chunk             |     1 |     5 |     4 ||    10
       Meat ration       |       |       |     1 ||     1
Armor: Chain mail        |    67 |   119 |    14 ||   200
       Ring mail         |       |       |    93 ||    93
Dodge: Dodged            |    24 |    39 |    65 ||   128
Block: Shield            |    63 |    95 |   104 ||   262

Table legend:
 A = Spawn XP
 B = Non-spawn XP
 C = Spawn XP percentage of total XP
 D = Spawn monster count
 E = Non-spawn monster count
 F = Spawn count percentage of total count
 G = Total turns spent on level
                    A         B        C        D         E        F      G
               +---------+---------+-------+---------+---------+-------+---------
         Total |       0 |    1590 |   0.0 |       0 |     111 |   0.0 |  5328
               +---------+---------+-------+---------+---------+-------+---------
           D:1 |       0 |      20 |   0.0 |       0 |      13 |   0.0 |   491
           D:2 |       0 |      17 |   0.0 |       0 |       4 |   0.0 |   371
           D:3 |       0 |      85 |   0.0 |       0 |      19 |   0.0 |   694
           D:4 |       0 |     584 |   0.0 |       0 |      36 |   0.0 |  1333
           D:5 |       0 |     400 |   0.0 |       0 |      25 |   0.0 |  1083
           D:6 |       0 |     484 |   0.0 |       0 |      14 |   0.0 |  1343
               +---------+---------+-------+---------+---------+-------+---------
